 Dungeon Crawl Stone Soup version 0.29.1-15-g9cfb28693d (webtiles) character file.

Game seed: 11890897317082172381

63 Heoruswealwe the Magician (level 3, -1/19 HPs)
             Began as a Deep Elf Earth Elementalist on Mar 27, 2023.
             Slain by Pargi (3 damage)
             ... in a sewer.
             The game lasted 00:10:13 (923 turns).

Heoruswealwe the Magician (DEEE)                     Turns: 923, Time: 00:10:14

Health: -1/19      AC:  5    Str:  5    XL:     3   Next: 89%
Magic:  1/10       EV: 12    Int: 21    God:
Gold:   63         SH:  0    Dex: 15    Spells: 4/10 levels left

rFire   . . .      SeeInvis .   a - +2 dagger (venom)
rCold   . . .      Faith    .   (no shield)
rNeg    . . .      Spirit   .   k - +0 robe
rPois   .          Reflect  .   (no helmet)
rElec   .          Harm     .   (no cloak)
rCorr   .          Rampage  .   (no gloves)
Will    .....                   e - +2 pair of boots
Stlth   ++........              (no amulet)
HPRegen 0.06/turn               (no ring)
MPRegen 0.12/turn               (no ring)

@: no status effects
A: no striking features
a: no special abilities


You were in a sewer.
You visited 1 branch of the dungeon, and saw 4 of its levels.
You also visited: Sewer.

You collected 63 gold pieces.

Inventory:

Hand Weapons
 a - a +2 dagger of venom (weapon)
Armour
 e - a +2 pair of boots (worn)
 i - a +0 robe
 k - a +0 robe (worn)
Scrolls
 c - a scroll of brand weapon {unknown}
 f - a scroll of fear {unknown}
 j - a scroll of immolation {unknown}
 o - 2 scrolls of enchant armour {unknown}
 q - a scroll of blinking {unknown}
Potions
 b - a potion of magic
 d - 2 potions of brilliance {unknown}
 g - 2 potions of might {unknown}
 h - a potion of degeneration {unknown}
 l - a potion of ambrosia {unknown}
 m - a potion of curing {unknown}
 n - 2 potions of heal wounds {unknown}
 p - 2 potions of mutation {unknown}


   Skills:
 - Level 2.4 Dodging
 - Level 2.4 Stealth
 * Level 4.3 Spellcasting
 + Level 2.1 Transmutations
 * Level 4.2 Earth Magic


You had 4 spell levels left.
You knew the following spells:

 Your Spells              Type           Power      Damage    Failure   Level
a - Sandblast             Erth           44%        2d11      1%          1
b - Stone Arrow           Conj/Erth      26%        3d8       14%         3
z - Passwall              Tmut/Erth      14%        N/A       4%          2

Your spell library contained the following spells:

 Spells                   Type           Power      Damage    Failure   Level
 Petrify                  Tmut/Erth      17%        N/A       32%         4


Dungeon Overview and Level Annotations

Branches:
Dungeon (4/15)              Sewer (1/1)
 Temple: D:4-7

Altars:
Cheibriados

Shops:
D:2 [

Annotations:
Sewer Pargi


Message History

Casting: Sandblast (safe; 1% risk of failure)
Confirm with . or Enter, or press ? or * to list all spells.
Aiming: Sandblast (safe; 1% risk of failure)
Press: ? - help, Shift-Dir - straight line, f/p - Pargi
Aim: Pargi (moderately wounded, 79% to hit)
The blast of sand hits Pargi.
Pargi is heavily wounded.
Pargi bites you but does no damage. Pargi closely misses you. Pargi claws you.
* * * LOW HITPOINT WARNING * * *
Casting: Sandblast (safe; 1% risk of failure)
Confirm with . or Enter, or press ? or * to list all spells.
Aiming: Sandblast (safe; 1% risk of failure)
Press: ? - help, Shift-Dir - straight line, f/p - Pargi
Aim: Pargi (heavily wounded, 79% to hit)
The blast of sand misses Pargi.
Pargi misses you. Pargi claws you but does no damage.
Pargi barely misses you. x2
Pargi closely misses you. Pargi claws you but does no damage.
Casting: Sandblast (safe; 1% risk of failure)
Confirm with . or Enter, or press ? or * to list all spells.
Aiming: Sandblast (safe; 1% risk of failure)
Press: ? - help, Shift-Dir - straight line, f/p - Pargi
Aim: Pargi (moderately wounded, 79% to hit)
The blast of sand misses Pargi.
Pargi bites you.
* * * LOW HITPOINT WARNING * * *
Pargi closely misses you. Pargi barely misses you.
Casting: Sandblast (safe; 1% risk of failure)
Confirm with . or Enter, or press ? or * to list all spells.
Aiming: Sandblast (safe; 1% risk of failure)
Press: ? - help, Shift-Dir - straight line, f/p - Pargi
Aim: Pargi (moderately wounded, 79% to hit)
The blast of sand misses Pargi.
Pargi closely misses you. x2
Pargi claws you but does no damage. Pargi closely misses you.
Pargi claws you but does no damage. x2
Casting: Sandblast (safe; 1% risk of failure)
Confirm with . or Enter, or press ? or * to list all spells.
Aiming: Sandblast (safe; 1% risk of failure)
Press: ? - help, Shift-Dir - straight line, f/p - Pargi
Aim: Pargi (moderately wounded, 79% to hit)
The blast of sand misses Pargi.
Pargi bites you.
You die...

≈≈≈≈~## #...# ≈≈≈≈.### #.∩.#
~≈≈≈≈ ≈≈≈≈≈..# #...# #~≈≈≈≈
≈≈≈≈≈≈~## ##~## .≈≈≈≈≈
≈≈≈≈≈≈~.# #.# #~≈≈≈≈≈
≈≈≈≈≈≈≈~## #.# ~≈≈≈≈≈≈
≈≈≈≈≈≈≈≈.## #.# ##~≈≈≈≈≈≈
≈≈≈≈≈≈≈≈~.# #~# #.≈≈≈≈≈≈≈
≈≈≈≈≈≈≈≈.#### #@#####.≈≈≈≈≈≈≈
≈≈≈≈≈≈≈≈≈~..####T#.##.≈≈≈≈≈≈≈≈
#≈≈≈≈≈≈≈≈≈≈~##~.≈~~~~≈≈≈≈≈≈≈≈#
#≈≈≈≈≈≈≈≈≈≈≈†~≈≈≈≈≈≈≈≈≈≈≈≈≈≈##
##≈≈≈≈≈≈≈≈≈≈≈≈≈≈≈≈≈≈≈≈≈≈≈≈≈≈#
##≈≈≈≈≈≈≈≈≈≈≈≈≈≈≈≈≈≈≈≈≈≈≈≈##
##≈≈≈≈≈≈≈≈≈≈≈≈≈≈≈≈≈≈≈≈≈###
##≈≈≈≈≈≈≈≈≈≈≈≈≈≈≈≈≈≈≈≈#
#≈≈≈≈≈≈≈≈≈≈≈≈≈≈≈≈≈≈≈##


You could see Pargi.

Vanquished Creatures
  A gnoll (D:1)
  2 adders (Sewer)
  A worm (D:3)
  6 ball pythons
  2 endoplasms
  A giant cockroach (D:1)
  3 goblins (D:1)
  3 hobgoblins
  3 quokkas
  4 bats (D:1)
  3 frilled lizards (Sewer)
  4 kobolds (D:1)
  2 rats
35 creatures vanquished.

Notes
Turn   | Place    | Note
-------+----------+-------------------------------------------
     0 | D:1      | Heoruswealwe the Deep Elf Earth Elementalist began the
                  | quest for the Orb.
     0 | D:1      | Reached XP level 1. HP: 10/10 MP: 6/6
   228 | D:1      | Reached XP level 2. HP: 14/15 MP: 4/8
   232 | D:1      | Learned a level 2 spell: Passwall
   591 | D:1      | Reached XP level 3. HP: 19/19 MP: 8/10
   654 | D:1      | Learned a level 3 spell: Stone Arrow
   725 | D:2      | Found Wer Piemp's Antique Armour Boutique.
   737 | D:2      | You fall into a shaft and drop 2 floors!
   778 | D:3      | Found a snail-covered altar of Cheibriados.
   807 | D:3      | Found a glowing drain.
   833 | Sewer    | Entered a sewer
   905 | Sewer    | Noticed Pargi
   923 | Sewer    | Slain by Pargi

Illustrated notes

Levels and vault maps discovered:
D:1:      matt_arrival_los_fun, layout_basic
D:2:      minmay_razor_zed, layout_basic, serial_shops, nicolae_square_shop,
          shop, shop, shop, nicolae_shop_temple_entry_statues_fountains,
          kennysheep_small_spiral, minivault_24
D:3:      layout_loops_cross, cheibriados_altar_1, gammafunk_ghost_arena,
          ebering_ecumenical_altar_box, cheibrodos_sewer_entry_drain,
          uniq_terence, uniq_ijyb
D:4:      layout_loops_ring, mainiacjoe_overflow_boulevard,
          amethyst_overflow_temple_binary, serial_shops, nicolae_shop_stone
Sewer:    sewer_co_pargi_island

Skill      XL: |  1  2  3 |
---------------+----------+-----
Spellcasting   | 4 |  4.3
Earth Magic    | 4 |  4.2
Transmutations | 2 |  2.1
Dodging        | |  2.4
Stealth        | |  2.4

Action                   || total
-------------------------++-------
 Cast: Sandblast         ||    55
       Passwall          ||     1
Armor: Robe              ||    16
Dodge: Dodged            ||    25
